 Dungeon Crawl Stone Soup version 0.24-a0-445-gd5110b030a (webtiles) character file.

Game seed: 12501563561899582473

2 forest the Sneak (level 1, -2/10 HPs)
             Began as a Spriggan Assassin on June 22, 2019.
             Slain by a kobold
             ... wielding a +2 short sword of draining
              (3 damage)
             ... on level 1 of the Dungeon.
             The game lasted 00:00:38 (33 turns).

forest the Sneak (Spriggan Assassin)                  Turns: 33, Time: 00:00:41

Health: -2/10      AC:  3    Str:  7    XL:     1   Next: 25%
Magic:  2/2        EV: 16    Int: 12    God:
Gold:   0          SH:  0    Dex: 17    Spells: 0/0 levels left

rFire    . . .     SeeInvis +   a - +2 dagger
rCold    . . .     Gourm    .   (shield restricted)
rNeg     . . .     Faith    .   b - +0 robe
rPois    .         Spirit   .   (helmet restricted)
rElec    .         Reflect  .   c - +0 cloak
rCorr    .         Harm     .   (gloves unavailable)
MR       .....                  (boots unavailable)
Stlth    +++.......             (no amulet)
HPRegen  0.03/turn              (no ring)
MPRegen  0.08/turn              (no ring)

@: lightly drained, very quick
A: very small, unfitting armour, see invisible, herbivore, speed 3, slow
metabolism 2
a: no special abilities


You were on level 1 of the Dungeon.
You were not hungry.

You visited 1 branch of the dungeon, and saw 1 of its levels.

Inventory:

Hand Weapons
 a - a +2 dagger (weapon)
Missiles
 d - 8 poisoned darts (quivered)
 e - 2 curare-tipped darts
Armour
 b - a +0 robe (worn)
 c - a +0 cloak (worn)
Scrolls
 g - a scroll of fear {unknown}
Comestibles
 f - a ration


   Skills:
 + Level 1.5(1.0) Fighting
 + Level 2.1(1.6) Short Blades
 + Level 2.0(1.5) Throwing
 + Level 1.5(1.0) Dodging
 + Level 6.0(5.4) Stealth


You couldn't memorise any spells.
You didn't know any spells.
Your spell library was empty.

Dungeon Overview and Level Annotations

Branches:
Dungeon (1/15)

Altars:


Innate Abilities, Weirdness & Mutations

You are very small and have problems with some larger weapons.
You are too small for most types of armour.
You have supernaturally acute eyesight. (SInv)
You are a herbivore.
You cover ground extremely quickly.
You need to consume almost no food.


Message History

A bat comes into view.
The helpless bat fails to defend itself.
You impale the bat!!
You kill the bat!
A kobold comes into view.
It is wielding a +2 short sword of draining.
Found a robe.
g - a scroll labeled BAETAO HELLYFE
Found a green potion.
A giant cockroach comes into view.
A hobgoblin comes into view. It is wielding a +0 club.
The hobgoblin shouts!
The kobold shouts!
The kobold hits you with a +2 short sword of draining.
You feel drained.
You hit the kobold.
The kobold is moderately wounded.
The kobold hits you with a +2 short sword of draining!
Ouch! That really hurt!
* * * LOW HITPOINT WARNING * * *
You feel drained.
You die...

##.# .........# .#.##
......... #####......
.....g.. #..........
##..... #..........
....... +.........
.####!..####....#..##
....s.............>###
#.K@...#.........#
.......[...#.........#
...###.....####......#
# . #.##### #......# #
#. #......### #.
#######......##. #.
................ ##
########.####...
.............#.


You could see a giant cockroach, a hobgoblin and a kobold.

Vanquished Creatures
  A hobgoblin (D:1)
  A bat (D:1)
2 creatures vanquished.

Notes
Turn   | Place    | Note
-------+----------+-------------------------------------------
     0 | D:1      | forest the Spriggan Assassin began the quest for the Orb.
     0 | D:1      | Reached XP level 1. HP: 10/10 MP: 2/2
     8 | D:1      | Reached skill level 6 in Stealth
    33 | D:1      | Slain by a kobold

Levels and vault maps discovered:
D:1:      dpeg_arrival_arbitrary_b, layout_basic

Skill      XL: |  1 |
---------------+----+-----
Stealth        | 6 |  6.0
Fighting       | |  1.5
Short Blades   | |  2.1
Throwing       | |  2.0
Dodging        | |  1.5

Action                   || total
-------------------------++-------
Melee: Dagger            ||     4
 Stab: Sleeping          ||     1
Dodge: Dodged            ||     1

Table legend:
 A = Non-vault XP
 B = Vault XP
 C = Vault XP percentage of total XP
 D = Non-vault monster count
 E = Vault monster count
 F = Vault count percentage of total count
                 A         B        C        D         E       F
            +---------+---------+-------+---------+---------+-------
      Total |       3 |       0 |   0.0 |       2 |       0 |   0.0
            +---------+---------+-------+---------+---------+-------
        D:1 |       3 |       0 |   0.0 |       2 |       0 |   0.0
            +---------+---------+-------+---------+---------+-------
